 Dungeon Crawl Stone Soup version 0.29-a0-925-g0a7a3d12f8 (webtiles) character file.

Game seed: 5935372025562360671

224 Ajdolov the Digger (level 6, -3/45 HPs)
             Began as a Ghoul Earth Elementalist on July 29, 2022.
             Was a Follower of Cheibriados.
             Killed by divine providence
             ... invoked by an orc priest
              (11 damage)
             ... on level 4 of the Dungeon.
             The game lasted 00:05:28 (3959 turns).

Ajdolov the Digger (Ghoul Earth Elementalist)       Turns: 3959, Time: 00:05:29

Health: -3/45      AC:  3    Str: 14    XL:     6   Next: 0%
Magic:  5/8        EV: 12    Int: 14    God:    Cheibriados [*.....]
Gold:   139        SH:  5    Dex: 11    Spells: 5/9 levels left

rFire   . . .      SeeInvis .   r - +2 hand axe (venom)
rCold   + . .      Faith    .   (no shield)
rNeg    + + +      Spirit   .   a - +0 robe
rPois   ∞          Reflect  +   s - +0 helmet
rElec   .          Harm     .   (no cloak)
rCorr   .          Rampage  .   (no gloves)
Will    .....                   (no boots)
Stlth   ++........              e - amulet of reflection
HPRegen 0.00/turn               (no ring)
MPRegen 0.11/turn               (no ring)

@: inhibited regen, very slow
A: claws 1, cold resistance 1, negative energy resistance 3, inhibited
regeneration, torment resistance 2, devour on kill
a: Renounce Religion, Bend Time


You were on level 4 of the Dungeon.
You worshipped Cheibriados.
Cheibriados was aware of your devotion.
You visited 1 branch of the dungeon, and saw 4 of its levels.

You collected 205 gold pieces.
You spent 66 gold pieces at shops.

Inventory:

Hand Weapons
 h - a +0 spear
 r - a +2 hand axe of venom (weapon)
Armour
 a - a +0 robe (worn)
 s - a +0 helmet (worn)
 t - a +4 scale mail of cold resistance
Jewellery
 e - an amulet of reflection (around neck)
Scrolls
 d - a scroll of fear {unknown}
 f - 2 scrolls of vulnerability {unknown}
 k - 2 scrolls of identify {unknown}
 o - a scroll of butterflies {unknown}
 q - 2 scrolls of magic mapping {unknown}
 u - a scroll of enchant weapon {unknown}
Potions
 b - a potion of magic
 c - a potion of cancellation {unknown}
 g - 2 potions of curing
 i - 2 potions of lignification {unknown}
 j - a potion of berserk rage {unknown}
 l - 3 potions of heal wounds {unknown}
 m - a potion of might {unknown}
 n - a potion of mutation {unknown}
 p - a potion of flight {unknown}


   Skills:
 - Level 1.7 Dodging
 - Level 2.1 Stealth
 + Level 2.4 Spellcasting
 * Level 3.1 Conjurations
 - Level 0.8 Transmutations
 - Level 5.0 Earth Magic


You had 5 spell levels left.
You knew the following spells:

 Your Spells              Type           Power      Damage    Failure   Level
a - Sandblast             Erth           30%        2d9       3%          1
b - Stone Arrow           Conj/Erth      26%        3d8       13%         3

Your spell library contained the following spells:

 Spells                   Type           Power      Damage    Failure   Level
 Passwall                 Tmut/Erth      7%         N/A       11%         2
 Ensorcelled Hibernation  Hex/Ice        2%         N/A       34%         2
 Portal Projectile        Hex/Tloc       2%         N/A       56%         3
 Swiftness                Air            1%         N/A       56%         3
 Tukima's Dance           Hex            1%         N/A       56%         3
 Petrify                  Tmut/Erth      9%         N/A       56%         4
 Summon Forest            Summ/Tloc      0%         N/A       99%         5
 Eringya's Noxious Bog    Tmut/Pois      1%         N/A       100%        6
 Summon Hydra             Summ           0%         N/A       100%        7
 Blade Hands              Tmut           Unusable   N/A       N/A         5

Dungeon Overview and Level Annotations

Branches:
Dungeon (4/15)
 Temple: D:4-7

Altars:
Cheibriados
Nemelex Xobeh

Shops:
D:2 **

Annotations:
D:3 3 runed translucent doors, MirrMurr's ghost, amateur DsGl


Innate Abilities, Weirdness & Mutations

You are immune to poison.
You have sharp fingernails.
Your flesh is cold resistant. (rC+)
You are immune to negative energy. (rN+++)
You do not regenerate when monsters are visible.
You are immune to unholy pain and torment.
You thrive by killing the living.


Message History

You completely miss something.
You feel less confused.
You hear some strange, mumbled words.
A magic dart appears from out of thin air!
The magic dart hits you!
You closely miss something.
The orc priest calls down the wrath of Beogh upon you.
Beogh smites you!
* * * LOW HITPOINT WARNING * * *
Something hits you.
* * * LOW HITPOINT WARNING * * *
You hit something. Something hits you.
* * * LOW HITPOINT WARNING * * *
Unknown command.
You feel better. Something hits you.
* * * LOW HITPOINT WARNING * * *
You hit something.
Cheibriados appreciates the change of pace.
Reactivating autopickup.
You feel a bit more experienced.
The orc hits you with a +2 vampiric war axe.
* * * LOW HITPOINT WARNING * * *
Your Conjurations skill increases to level 3!
Okay, then.
Aiming: Sandblast (safe; 3% risk of failure)
Press: ? - help, Q - select action, (/) - cycle Shift-Dir - straight line, f - orc
Aim: an orc, wielding a +2 vampiric war axe (82% to hit)
The blast of sand hits the orc!
You kill the orc!
Cheibriados thoroughly appreciates the change of pace.
You feel better. You block the orc priest's attack.
You have reached level 6!
Aiming: Sandblast (safe; 3% risk of failure)
Press: ? - help, Q - select action, (/) - cycle Shift-Dir - straight line, f - orc priest
Aim: an orc priest, wielding a +0 club and wearing a +3 scale mail (84% to hit)
The blast of sand hits the orc priest but does no damage.
The orc priest invokes the aid of Beogh against you.
Beogh smites you!
You die...

# # ##### ####...## .
.##.....# .. #.......# ...
##......## .... #........#
..... .........#
#########......
..:......####...@o........o
..............###########..
####.####.##### ### ###


You could see an orc priest.

Vanquished Creatures
  An orc priest (D:3)
  An iron imp (D:3)
  Ijyb (D:3)
  An orc wizard (D:4)
  A gnoll (D:1)
  2 adders (D:2)
  4 dart slugs
  5 orcs
  6 bats
  8 endoplasms
  7 giant cockroaches
  4 goblins
  9 hobgoblins
  7 kobolds
  4 quokkas
  6 ball pythons
  4 frilled lizards
  5 rats
76 creatures vanquished.

Notes
Turn   | Place    | Note
-------+----------+-------------------------------------------
     0 | D:1      | Ajdolov the Ghoul Earth Elementalist began the quest for
                  | the Orb.
     0 | D:1      | Reached XP level 1. HP: 14/14 MP: 2/2
   248 | D:1      | Reached XP level 2. HP: 20/20 MP: 1/3
   320 | D:1      | Reached skill level 4 in Earth Magic
   660 | D:1      | Reached XP level 3. HP: 26/26 MP: 0/4
   674 | D:1      | Learned a level 3 spell: Stone Arrow
  1102 | D:1      | Found a faded altar of an unknown god.
  1420 | D:2      | Reached skill level 5 in Earth Magic
  1442 | D:2      | Found Nyacw's Assorted Antiques.
  1586 | D:2      | Found Ublotug's General Store.
  1591 | D:2      | Bought 2 potions of curing for 66 gold pieces
  1607 | D:2      | Reached XP level 4. HP: 33/33 MP: 3/5
  1633 | D:2      | Reached skill level 1 in Conjurations
  2177 | D:2      | Found a sparkling altar of Nemelex Xobeh.
  2439 | D:3      | Found a snail-covered altar of Cheibriados.
  2564 | D:3      | Became a worshipper of Cheibriados the Contemplative
  2635 | D:3      | Reached XP level 5. HP: 38/38 MP: 4/7
  2939 | D:3      | Noticed MirrMurr's ghost (amateur DsGl)
  2944 | D:3      | Found a runed translucent gate.
  2944 | D:3      | Found a runed translucent gate.
  2944 | D:3      | Found a runed translucent gate.
  2957 | D:3      | Identified the +7 dagger of Makhleb, Forging {speed, rElec
                  | rC- rN++}
  3110 | D:3      | Reached * piety under Cheibriados
  3420 | D:3      | Noticed Ijyb
  3436 | D:3      | Killed Ijyb
  3959 | D:4      | Reached XP level 6. HP: 8/45 MP: 6/8
  3959 | D:4      | Killed from afar by an orc priest

Illustrated notes

Levels and vault maps discovered:
D:1:      sevenhm_arrival_forest_fort_small_5, layout_basic,
          shapermc_ecumenical_altar_pompeii
D:2:      kb_forest_paths, layout_loops_ring, serial_shops,
          nicolae_shop_crystal, nicolae_shop_statue_plus, nicolae_shop_stone,
          basic_altar
D:3:      layout_loops_cross, slow_altar_1, gammafunk_ghost_necromancy,
          portal_sewer_entry_a, minmay_misc_feat_x, st_stairs_5, uniq_ijyb
D:4:      layout_cave_pods

Skill      XL: |  1  2  3  4  5 |
---------------+----------------+-----
Earth Magic    | 4 5 |  5.0
Conjurations   | 2 3 |  3.1
Spellcasting   | 2 |  2.4
Dodging        | |  1.7
Stealth        | |  2.1
Transmutations | |  0.8

Action                   |  1- 3 |  4- 6 || total
-------------------------+-------+-------++-------
Melee: Unarmed           |     1 |       ||     1
       Dagger            |    12 |       ||    12
       Spear             |     2 |     4 ||     6
       Hand axe          |       |    15 ||    15
 Cast: Sandblast         |    53 |    66 ||   119
  Use: Potion            |       |     2 ||     2
 Stab: Sleeping          |       |     1 ||     1
Armor: Robe              |     4 |    13 ||    17
Dodge: Dodged            |    36 |    24 ||    60
Block: Other             |    11 |    20 ||    31
       Reflection        |     1 |     1 ||     2

Table legend: (Time is in decaauts)
 A = Elapsed time spent in this place.
 B = Non-inter-level travel time spent in this place.
 C = Inter-level travel time spent in this place.
 D = Time resting spent in this place.
 E = Time spent auto-exploring this place.
 F = Levels seen in this place.
 G = Mean time per level.
                   A        B        C        D        E       F      G
               +--------+--------+--------+--------+--------+-----+--------+
         Total |   4318 |   4167 |    151 |    597 |   2859 |   4 | 1079.5 |
       Dungeon |   4318 |   4167 |    151 |    597 |   2859 |   4 | 1079.5 |
               +--------+--------+--------+--------+--------+-----+--------+

Top non-repeatable levels by time:
     D:3: 1803 daAuts
     D:1: 1413 daAuts
     D:2: 985 daAuts
     D:4: 115 daAuts
